Unix NetHack Version 5.0.0-0 post-release - last build Jun 10 2026 00:39:30 (3ee93aec679c4c4259841fe613dc97188e26a321,branch:main).

Game began 2026-06-21 04:51:53, ended 2026-06-21 05:08:13.

JohnDarcy, neutral male human Tourist

                                                             ------
    ------                             #                    #-.<d.|
    |.....#    --------------         -|--------            #|....|
    |....|#    |>...........|         |f.......|            #|....|
    |....|#    |.............#       #f@.......|            #|....|
    |.....#####.............|#       #|........|            #|....|
    ------#    ------------.-#       #--|-------            #------
          #            ##### #       #  #                   ###
          #           ##     #      #[  ##                    #
          #          ##      #      #    ###                  #
          ############      ##      #      ###                ##
        ####               ##      ##     ---.-                #
        #--.-------        #-------#      |...|              # #
        #|........|        #|......#      |._.|         -----.-#
        #|........|        #|.....|       |...|         |.....|#
        #+........|        #......|       |....#########......-#          ----
         |........|         -------       |...|         |.....|           |..|
         |........|                       -----         |.....|           |..|
         ----------                                     -+-----           ----
                                                         #
JohnDarcy the Sightseer     St:9 Dx:13 Co:16 In:11 Wi:8 Ch:18  Neutral
Dlvl:4  $:1370 HP:0(31) Pw:20(20) AC:7  Xp:5 T:1384  Strained

Latest messages:
 S - a glass wand.
 T - a key.
 You stagger under your heavy load.  Movement is very hard.
 You have extreme difficulty lifting a studded leather armor.  Continue? [ynq] (q) y
 You have extreme difficulty lifting U - a studded leather armor.
 You can barely move a handspan with this load!
 You hear some noises.
 You drop an iron skull cap.
 You stagger under your load.  Movement is still very hard.
 You drop a coarse mantelet.
 You drop a studded leather armor.
 What do you want to wear? [r or ?*] r
 You finish your dressing maneuver.
 You drop an amulet called strangulation.
 You drop 2 daggers.
 You drop a dagger.
 You drop an uncursed long sword.
 You drop an uncursed credit card.
 You drop an uncursed lock pick.
 You drop an uncursed gem called soft black 1.
 You drop an uncursed gem called soft red 1.
 You have much trouble lifting U - a studded leather armor.
 Lurch drops a lichen corpse.
 What do you want to drop? [$a-gi-kmp-ruvyzCDFK-U or ?*] U
 You drop a studded leather armor.
 What do you want to call? [ruvzM-T or ?*] S
 Call a glass wand: cancellation
 What do you want to call? [ruvzM-T or ?*] R
 Call a pearl ring: teleportation
 You swap places with Lurch.
 Sponge picks up a lichen corpse.
 Sponge steps reluctantly onto a studded leather armor.
 The large cat attacks a spot beside you.
 The large cat snaps wildly and misses!
 The large cat bites!
 The large cat bites!
 The large cat bites!
 What do you want to use or apply? [cqST or ?*] c
 In what direction? 4
 The flash of light shines on the large cat.
 The large cat bites!
 The large cat bites!
 The large cat bites!
 The large cat bites!
 You die...
 Do you want your possessions identified? [ynq] (y) y
 Do you want to see your attributes? [ynq] (y) y
 Do you want an account of creatures vanquished? [ynaq] (y) y
 Do you want to see your conduct and achievements? [ynq] (y) y
 Do you want to see the dungeon overview? [ynq] (y) y

Inventory:
 Coins    ('$')
  $ - 1370 gold pieces
 Weapons  (')')
  a - 26 +2 darts (at the ready)
  F - 21 cursed +0 darts
  y - the +0 Sting
 Armor    ('[')
  r - an uncursed +0 orcish helm (being worn)
  m - a blessed +0 Hawaiian shirt with a ukulele motif (being worn)
  p - an uncursed +0 leather armor (being worn)
 Comestibles  ('%')
  i - an uncursed apple
  e - an uncursed banana
  g - an uncursed carrot
  D - an uncursed cram ration
  f - 5 uncursed food rations
  d - an uncursed lembas wafer
  K - a cursed tripe ration
  b - 2 uncursed eggs
  C - an uncursed lichen corpse
  L - 4 cursed lichen corpses
 Scrolls  ('?')
  M - 3 cursed scrolls of blank paper
  u - an uncursed scroll of enchant armor
  v - an uncursed scroll of identify
  k - 3 uncursed scrolls of magic mapping
 Potions  ('!')
  P - an uncursed potion of booze
  j - 2 uncursed potions of extra healing
  N - 5 cursed potions of fruit juice
  Q - 2 uncursed potions of oil
  z - a blessed potion of sickness
  O - 29 potions of unholy water
 Rings    ('=')
  R - an uncursed ring of teleportation
 Wands    ('/')
  S - a wand of cancellation (0:1)
 Tools    ('(')
  q - an uncursed blindfold
  c - an expensive camera (0:39)
  T - a cursed skeleton key

JohnDarcy the Tourist's attributes:

Background:
 You were a Sightseer, a level 5 male human Tourist.
 You were neutral, on a mission for The Lady
 who was opposed by Blind Io (lawful) and Offler (chaotic).
 You were right-handed.
 You were in the Dungeons of Doom, on level 4.
 You entered the dungeon 1384 turns ago.
 It was nighttime.
 You had 212 experience points, 108 more were needed to attain level 6.

Basics:
 You had 0 out of 31 hit points.
 You had all 20 energy points (spell power).
 Your armor class was 7.
 Your wallet contained 1370 zorkmids.
 Autopickup was off.

Final Characteristics:
 Your strength was 9 (limit:18/100).
 Your dexterity was 13 (limit:18).
 Your constitution was 16 (limit:18).
 Your intelligence was 11 (limit:18).
 Your wisdom was 8 (limit:18).
 Your charisma was 18 (limit:18).

Final Status:
 You weren't hungry.
 You were strained; movement was very slowed.
 You were bare handed.
 You were unskilled in bare handed combat.

Final Attributes:
 You were fervently aligned.
 You were warded.
 You are dead.

Miscellaneous:
 You encountered 1 bones level.
 Total elapsed playing time was 16 minutes and 19 seconds.

Major events:
 Turn
    1: JohnDarcy the neutral male human Tourist entered the dungeon
  692: became literate by naming Sting
  941: entered the Gnomish Mines
  941: attained the rank of Sightseer (level 3)
 1384: killed by a large cat

You didn't know any spells.

Skills:
 Fighting Skills
   bare handed combat [Unskilled]
   two weapon combat  [Unskilled]
   riding             [Unskilled]
 Weapon Skills
   dagger             [Unskilled]
   knife              [Unskilled]
   axe                [Unskilled]
   pick-axe           [Unskilled]
   short sword        [Unskilled]
   broadsword         [Unskilled]
   long sword         [Unskilled]
   two-handed sword   [Unskilled]
   saber              [Unskilled]
   mace               [Unskilled]
   morning star       [Unskilled]
   flail              [Unskilled]
   hammer             [Unskilled]
   quarterstaff       [Unskilled]
   polearms           [Unskilled]
   spear              [Unskilled]
   trident            [Unskilled]
   lance              [Unskilled]
   bow                [Unskilled]
   sling              [Unskilled]
   crossbow           [Unskilled]
   dart               [Basic]
   shuriken           [Unskilled]
   boomerang          [Unskilled]
   whip               [Unskilled]
   unicorn horn       [Unskilled]
 Spellcasting Skills
   divination spells  [Unskilled]
   enchantment spells [Unskilled]
   escape spells      [Unskilled]

Voluntary challenges:
 Character rerolling was not enabled.
 You were vegetarian.
 You never hit with a wielded weapon.
 You never genocided any monsters.
 You never polymorphed an object.
 You never changed form.
 You used no wishes.
Achievements:
 You entered the Gnomish Mines.
 You attained the rank of Sightseer.

 The Dungeons of Doom: levels 1 to 4
    Level 1:
       Some fountains.
    Level 2:
    Level 3:
       Stairs down to The Gnomish Mines.
    Level 4: <- You were here.
       An altar.
       Final resting place for
          you, killed by a large cat,
          JohnDarcy-Tou-Hum-Mal-Neu, killed by a dwarf.
 The Gnomish Mines:
    Level 4:


Vanquished creatures:
  a ghost
  a rock piercer
  a centipede
 an iguana
  a hobbit
  a giant rat
  a gecko
  5 jackals
  a fox
  a kobold
  a goblin
  a sewer rat
  2 grid bugs
  3 lichens
  4 newts
25 creatures vanquished.

No species were genocided or became extinct.

Game over:
                       ----------
                      /          \
                     /    REST    \
                    /      IN      \
                   /     PEACE      \
                  /                  \
                  |    JohnDarcy     |
                  |     1370 Au      |
                  |   killed by a    |
                  |    large cat     |
                  |                  |
                  |                  |
                  |       2026       |
                 *|     *  *  *      | *
        _________)/\\_//(\/(/\)/\//\/|_)_______

Aloha JohnDarcy the Tourist...

You died in The Dungeons of Doom on dungeon level 4 with 2056 points,
and 1370 pieces of gold, after 1384 moves.
You were level 5 with a maximum of 31 hit points when you died.

